 Dungeon Crawl Stone Soup version 0.17-a0-1564-g7b572aa (webtiles) character file.

377 Pandaemon the Ducker (level 6, 0/47 HPs)
             Began as a Draconian Enchanter on July 21, 2015.
             Slain by a human zombie (2 damage)
             ... in an ossuary.
             The game lasted 00:21:18 (4503 turns).

Pandaemon the Ducker (Draconian Enchanter)          Turns: 4503, Time: 00:21:18

Health: 0/47       AC:  8    Str: 10    XL:     6   Next: 45%
Magic:  9/10       EV: 13    Int: 17    God:
Gold:   138        SH:  0    Dex: 12    Spells: 3 memorised, 5 levels left

rFire  . . .     SeeInvis +     a - +1 dagger
rCold  . . .     Clarity  .     (armour unavailable)
rNeg   . . .     SustAt   .     (no shield)
rPois  .         Gourm    .     (helmet restricted)
rElec  .         Spirit   .     (no cloak)
rCorr  .         Warding  .     (no gloves)
rMut   .         Stasis   .     n - +1 pair of boots
MR     +....                    (no amulet)
Stlth  ++........               h - ring of see invisible
                                g - ring of protection from magic

@: somewhat resistant to hostile enchantments, unstealthy
A: unfitting armour, cold-blooded, AC +6
a: no special abilities


You were in an ossuary.
You were very hungry.

You visited 1 branch of the dungeon, and saw 4 of its levels.
You also visited: Ossuary.

You collected 138 gold pieces.

Inventory:

Hand weapons
 a - a +1 dagger (weapon)
 e - a +2 vampiric dagger
Missiles
 p - 2 tomahawks (quivered)
Armour
 n - a +1 pair of boots (worn)
Jewellery
 g - a ring of protection from magic (left hand)
 h - a ring of see invisible (right hand)
Magical devices
 t - a wand of cold (8)
Scrolls
 d - 3 scrolls of fear {unknown}
 f - 2 scrolls of blinking
 o - 4 scrolls of identify
 s - a scroll of immolation {unknown}
 w - a scroll of enchant weapon {unknown}
Potions
 m - 2 potions of brilliance {unknown}
 q - a potion of agility
 u - a potion of invisibility {unknown}
Books
 b - a book of Maledictions

   Spells                             Type                      Level
   a - Corona                         Hexes                        1
   b - Ensorcelled Hibernation        Hexes/Ice                    2
   c - Confuse                        Hexes                        3
   d - Tukima's Dance                 Hexes                        3
   e - Dazzling Spray                 Conjuration/Hexes            3
Comestibles
 c - a bread ration
 i - a royal jelly
 j - 2 slices of pizza
 l - a meat ration
 r - 5 fruits


   Skills:
 + Level 1.3 Fighting
 * Level 2.8 Short Blades
 + Level 3.9 Dodging
 + Level 3.7 Stealth
 * Level 3.2 Spellcasting
 + Level 0.2 Conjurations
 + Level 3.1 Hexes


You had 5 spell levels left.
You knew the following spells:

 Your Spells              Type           Power        Failure   Level  Hunger
a - Corona                Hex            ##.....      6%          1    None
b - Dazzling Spray        Conj/Hex       #.......     30%         3    ###....
c - Ensorcelled Hibernat  Hex/Ice        #.....       17%         2    ##.....


Dungeon Overview and Level Annotations

Branches:
Dungeon (4/15)
 Temple: D:4-7

Altars:


Innate Abilities, Weirdness & Mutations

Your plain brown scales are hard (AC +6).
Your body does not fit into most forms of armour.
You are cold-blooded and may be slowed by cold attacks.


Message History

You hit the human zombie. The human zombie completely misses you.
The mummy hits you but does no damage. The kobold zombie closely misses you.
The kobold zombie hits you but does no damage.
You completely miss the human zombie. The hobgoblin zombie barely misses you.
The human zombie barely misses you.
The kobold zombie hits you but does no damage.
You hit the human zombie.
The kobold zombie hits you but does no damage.
The mummy hits you!
* * * LOW HITPOINT WARNING * * *
The hobgoblin zombie hits you.
* * * LOW HITPOINT WARNING * * *
You barely miss the human zombie. The human zombie hits you.
* * * LOW HITPOINT WARNING * * *
The kobold zombie misses you.
The kobold zombie hits you but does no damage.
The hobgoblin zombie closely misses you.
The mummy misses you.
You hit the human zombie. The human zombie hits you.
You die...

#...# #..# # #...#
..... # #...#
......## #
#...#.......# #
#...#.......# #
#...#.....∩.# #
#Z..####+.... #
#ZZ.# # #@MZ# #
#ZZZ##############
#ZZ..........ZZ...
#.........∩Z..Z...
##################


You could see a mummy, 2 hobgoblin zombies, 2 kobold zombies, a big kobold
zombie, an orc zombie, 2 elf zombies and a human zombie.

Vanquished Creatures
  An ogre (D:4)
  The ghost of myllinu the Sneak, an average SpEn (D:3)
  A centaur zombie (Ossuary)
  8 adders
  7 worms
  5 giant geckos
  6 orcs (D:3)
  2 ball pythons
  3 giant cockroaches
  13 goblins
  9 hobgoblins
  8 kobolds
  A quokka (D:2)
  13 bats
  3 giant newts (D:2)
  4 hobgoblin zombies (Ossuary)
  3 jackals
  A jackal zombie (D:4)
  9 kobold zombies (Ossuary)
  4 orc zombies (Ossuary)
  8 rats
110 creatures vanquished.

Notes
Turn   | Place    | Note
--------------------------------------------------------------
     0 | D:1      | Pandaemon the Draconian Enchanter began the quest for the Orb.
     0 | D:1      | Reached XP level 1. HP: 14/14 MP: 3/3
   479 | D:1      | Reached XP level 2. HP: 14/20 MP: 5/5
   830 | D:1      | Reached skill level 3 in Stealth
   861 | D:1      | Reached XP level 3. HP: 20/26 MP: 6/6
  1265 | D:2      | Learned a level 3 spell: Dazzling Spray
  1904 | D:2      | Reached XP level 4. HP: 27/33 MP: 3/7
  2807 | D:3      | Noticed myllinu's ghost (average SpEn)
  2818 | D:3      | Learned a level 2 spell: Ensorcelled Hibernation
  2901 | D:3      | Killed myllinu's ghost
  2901 | D:3      | Reached XP level 5. HP: 6/39 MP: 3/9
  3262 | D:3      | Reached skill level 1 in Fighting
  4120 | D:4      | Noticed an ogre
  4130 | D:4      | Killed an ogre
  4130 | D:4      | Reached XP level 6. HP: 47/47 MP: 6/10
  4182 | D:4      | Found a sand-covered staircase.
  4199 | Ossuary  | Entered an ossuary
  4502 | Ossuary  | HP: 2/47 [human zombie (2)]
  4503 | Ossuary  | Slain by a human zombie

Vault maps used:
D:1:      lightli_arrival_isolated_outpost, serial_bayou_pond_c,
          minmay_misc_feat_five
D:2:      minmay_quantized
D:3:      kennysheep_generic_room_2
D:4:      enter_ossuary_3
Ossuary:  ossuary_tomb_1

Action                   |  1- 3 |  4- 6 || total
-------------------------+-------+-------++-------
Melee: Dagger            |   194 |   452 ||   646
 Cast: Dazzling Spray    |     3 |    16 ||    19
       Ensorcelled Hiber |       |     2 ||     2
  Use: Scroll            |     4 |     1 ||     5
       Potion            |       |     3 ||     3
 Stab: Sleeping          |     4 |     6 ||    10
       Invisible         |       |     5 ||     5
       Distracted        |       |     1 ||     1
  Eat: Chunk             |     3 |     6 ||     9
       Bread ration      |       |     1 ||     1
